Map: Prion Terraces

Players

Dayshi

  • Race: Terran Terran
  • League: Grandmaster

Nerchio - Winner!

  • Race: Zerg Zerg
  • League: Grandmaster

Event: 2016 WCS Winter Challenger Europe

VOD

Have the link to the VOD?

Description

Time

  • Played on: Feb. 13, 2016, 11:48 a.m.
  • Length: 8:47

All games in this series

Show
View Real Time Build Order
Export as new Build Order

Dayshi Terran 

Build Orders:  

Get SALT Encoding   

  12  0:01  SCV  
  13  0:13  SCV  
  14  0:17  Supply Depot  
  14  0:25  SCV  
  15  0:39  SCV  
  15  0:40  Barracks  
  16  0:43  Refinery  
  16  0:51  SCV  
  17  1:01  Barracks  
  17  1:03  SCV  
  18  1:16  SCV  
  19  1:28  Reaper, Orbital Command  
  20  1:36  Supply Depot  
  20  1:40  Refinery  
  20  1:48  Reaper  
  21  1:54  SCV  
  22  2:04  Reaper  
  22  2:06  SCV  
  24  2:19  Command Center  
  24  2:22  Reaper  
  25  2:25  SCV  
  26  2:47  SCV  
  26  2:50  Factory  
  27  2:56  Reaper  
  28  2:59  Barracks Reactor, SCV  
  28  3:10  Command Center  
  28  3:12  SCV  
  29  3:24  SCV  
  30  3:31  Orbital Command  
  30  3:37  Starport  
  30  3:45  Supply Depot  
  30  3:46  SCV  
  31  3:51  Barracks Tech Lab  
  31  3:53  Hellion  
  35  3:55  Hellion  
  35  3:57  SCV  
  35  4:00  SCV  
  36  4:14  SCV  
  35  4:19  Banshee  
  35  4:20  Barracks Tech Lab  
  37  4:25  Hellion x2  
  37  4:28  SCV x2  
  36  4:39  Marauder  
  35  4:46  Hellion, Orbital Command  
  35  5:00  SCV x2  
  35  5:05  Hellion  
  29  5:12  SCV x3  
  27  5:24  SCV x2  
  27  5:25  SCV  
  32  5:36  SCV x2  
  32  5:38  Barracks Tech Lab  
  32  5:39  Banshee  
  32  5:40  Factory Tech Lab, SCV  
  36  5:48  SCV  
  37  5:51  Supply Depot  
  37  5:52  Supply Depot, SCV x2  
  39  6:01  Marine  
  39  6:02  Stimpack  
  39  6:03  Siege Tank  
  43  6:05  SCV  
  43  6:06  SCV  
  46  6:17  SCV  
  47  6:19  SCV  
  47  6:22  Banshee  
  47  6:25  Orbital Command  
  50  6:29  SCV  
  50  6:31  SCV, Barracks  
  49  6:33  Barracks  
  49  6:36  Marauder  
  51  6:41  Barracks  
  51  6:45  SCV, Barracks  
  51  6:46  SCV  
  53  6:50  SCV  
  53  6:54  Siege Tank  
  57  6:58  SCV x2  
  53  7:09  SCV  
  53  7:11  Marauder  
  53  7:14  SCV x2  
  56  7:17  Engineering Bay  
  56  7:18  Engineering Bay  
  56  7:21  Refinery, Starport Reactor  
  56  7:22  Refinery  
  56  7:26  Siege Tank  
  56  7:28  Barracks Reactor  
  56  7:29  SCV x3  
  62  7:32  Barracks Reactor x2  
  62  7:34  Marauder  
  63  7:37  Barracks Reactor  
  63  7:41  SCV x2  
  56  7:46  SCV  
  53  7:53  SCV x2  
  53  7:56  Marauder  
  53  7:57  Marauder  
  52  7:58  SCV  
  52  8:05  SCV x2  
  46  8:07  Marine x2  
  46  8:10  SCV  
  44  8:15  Marine  
  44  8:16  Marine  
  44  8:17  SCV x2  
  44  8:18  Marine  
  44  8:19  Marine  
  44  8:23  SCV  
  44  8:25  Marine x2  
  41  8:29  SCV x2  
  39  8:35  SCV  
Show
View Real Time Build Order
Export as new Build Order

Nerchio Zerg - Winner!

Build Orders: Hatch First 

Get SALT Encoding   

  12  0:00  Drone  
  13  0:12  Overlord  
  13  0:17  Drone  
  14  0:30  Drone x2  
  14  0:34  Drone  
  17  0:52  Hatchery  
  17  0:55  Drone  
  17  0:58  Drone  
  17  1:00  Extractor  
  17  1:14  Spawning Pool  
  17  1:17  Drone  
  17  1:20  Drone  
  18  1:28  Drone  
  19  1:38  Overlord  
  19  2:01  Queen  
  19  2:02  Roach Warren  
  19  2:03  Queen  
  19  2:05  Zergling x2  
  23  2:08  Zergling x2  
  23  2:12  Zergling x2  
  25  2:16  Zergling x2  
  25  2:19  Zergling x2  
  25  2:22  Drone  
  28  2:26  Drone  
  29  2:32  Drone  
  29  2:39  Drone  
  29  2:44  Drone  
  30  2:50  Overlord  
  36  3:12  Roach  
  36  3:13  Roach x5  
  36  3:15  Roach  
  36  3:18  Overlord  
  43  3:36  Overlord  
  43  3:37  Drone x4  
  47  3:42  Drone  
  47  3:45  Overlord  
  47  3:46  Drone  
  47  3:47  Drone x2  
  51  3:51  Overlord  
  51  3:56  Ravager  
  51  3:57  Ravager x2  
  51  3:58  Drone  
  51  3:59  Drone  
  56  4:07  Drone x2  
  56  4:08  Drone  
  59  4:12  Extractor  
  59  4:13  Extractor  
  57  4:24  Ravager  
  58  4:26  Drone x2, Hatchery  
  58  4:27  Drone x2  
  58  4:30  Drone  
  62  4:31  Drone  
  62  4:32  Drone  
  62  4:33  Drone  
  62  4:34  Drone  
  66  4:38  Drone  
  66  4:45  Overlord  
  67  4:49  Overlord  
  67  4:51  Queen  
  69  4:59  Overlord  
  67  5:04  Queen  
  55  5:12  Extractor  
  52  5:14  Roach x3  
  56  5:21  Metabolic Boost  
  56  5:25  Hatchery  
  56  5:27  Queen  
  57  5:33  Drone x3, Roach x3  
  66  5:41  Drone x4  
  70  5:44  Drone  
  70  5:45  Drone x2  
  70  5:48  Drone x2  
  70  5:49  Drone  
  76  5:54  Lair  
  76  5:56  Drone  
  77  5:57  Drone  
  77  6:00  Drone  
  77  6:03  Queen  
  79  6:06  Overlord  
  79  6:10  Evolution Chamber  
  78  6:13  Evolution Chamber  
  74  6:19  Drone x3  
  74  6:20  Drone x2  
  74  6:22  Extractor  
  74  6:25  Drone x5, Extractor  
  77  6:29  Roach  
  80  6:33  Roach x3  
  80  6:34  Roach  
  80  6:36  Roach  
  88  6:40  Zerg Ground Armor Level 1  
  88  6:42  Roach  
  88  6:45  Overlord  
  88  6:51  Roach x3  
  88  6:53  Overlord  
  94  6:58  Overlord x2  
  94  7:05  Drone x3  
  94  7:09  Spire  
  94  7:10  Glial Reconstitution  
  94  7:15  Overseer  
  92  7:17  Ravager x6  
  92  7:18  Zergling x2  
  92  7:19  Zergling x2  
  92  7:20  Zergling x2  
  92  7:22  Zergling x2  
  102  7:23  Zergling x2  
  102  7:26  Zergling x6  
  106  7:31  Zergling x8  
  106  7:40  Zergling x6  
  106  7:41  Zergling x2  
  106  7:42  Zergling x8  
  106  7:45  Zergling x2  
  106  7:46  Zergling x2  
  106  7:49  Zergling x2  
  104  7:51  Zergling x4  
  104  7:53  Zergling x4  
  104  7:55  Queen  
  103  8:08  Zergling x12  
  103  8:09  Zergling x2  
  92  8:31  Hatchery  
Tags
 
Add a new tag
Caveats
  • Supply blocks, unpowered buildings, or Contaminate may cause inaccurate times.
  • Supply counts are checked every 10 seconds.